 Dungeon Crawl Stone Soup version 0.28-b1-25-g9875b3fc8c (webtiles) character file.

Game seed: 6392811889537953147

56 lordive the Digger (level 3, 0/19 HPs)
             Began as a Gargoyle Earth Elementalist on Jan 31, 2022.
             Slain by an orc (2 damage)
             ... on level 3 of the Dungeon.
             The game lasted 00:02:32 (3061 turns).

lordive the Digger (Gargoyle Earth Elementalist)    Turns: 3061, Time: 00:02:33

Health: 0/19       AC:  7    Str: 11    XL:     3   Next: 97%
Magic:  6/6        EV: 12    Int: 17    God:
Gold:   74         SH:  0    Dex: 10    Spells: 6/7 levels left

rFire   . . .      SeeInvis .   a - +0 club
rCold   . . .      Faith    .   (no shield)
rNeg    + . .      Spirit   .   b - +0 robe
rPois   ∞          Reflect  .   i - +0 helmet
rElec   +          Harm     .   k - +0 cloak
rCorr   .          Rampage  .   (no gloves)
Will    .....                   (no boots)
Stlth   ++........              (no amulet)
HPRegen 0.06/turn               (no ring)
MPRegen 0.10/turn               (no ring)

@: no status effects
A: sickness immunity, AC +3, negative energy resistance 1, electricity
resistance, torment resistance 1, petrification resistance
a: no special abilities


You were on level 3 of the Dungeon.
You visited 1 branch of the dungeon, and saw 3 of its levels.

You collected 74 gold pieces.

Inventory:

Hand Weapons
 a - a +0 club (weapon)
Missiles
 c - 44 stones
Armour
 b - a +0 robe (worn)
 f - a scarf of invisibility
 i - a +0 helmet (worn)
 k - a +0 cloak (worn)
Scrolls
 d - a scroll of identify {unknown}
 e - a scroll of amnesia {unknown}
 g - a scroll of noise {unknown}
 h - a scroll of fear {unknown}
Potions
 j - a potion of might {unknown}
 l - a potion of heal wounds {unknown}


   Skills:
 + Level 0.3 Fighting
 + Level 0.5 Maces & Flails
 + Level 2.0 Dodging
 - Level 2.1 Stealth
 + Level 2.5 Spellcasting
 * Level 1.2 Conjurations
 + Level 0.7 Transmutations
 * Level 4.3 Earth Magic


You had 6 spell levels left.
You knew the following spells:

 Your Spells              Type           Power      Damage    Failure   Level
a - Sandblast             Erth           34%        2d9       3%          1

Your spell library contained the following spells:

 Spells                   Type           Power      Damage    Failure   Level
 Passwall                 Tmut/Erth      8%         N/A       10%         2
 Stone Arrow              Conj/Erth      22%        3d8       17%         3
 Animate Skeleton         Necr           4%         N/A       19%         1
 Apportation              Tloc           4%         N/A       19%         1
 Summon Small Mammal      Summ           8%         N/A       19%         1
 Petrify                  Tmut/Erth      10%        N/A       54%         4


Dungeon Overview and Level Annotations

Branches:
Dungeon (3/15)

Altars:


Innate Abilities, Weirdness & Mutations

You are immune to sickness and miasma.
Your stone body is resilient. (AC +3)
You are immune to poison.
You resist negative energy. (rN+)
You are resistant to electric shocks. (rElec)
You are resistant to unholy torment.
You are immune to petrification.


Message History

Moving in this stuff is going to be slow.
Done exploring.
Done exploring.
Done exploring.
Done exploring.
Done exploring.
Done exploring.
(D) Dungeon
Where to? (Enter - D:2, ? - help)
What level of the Dungeon? (default 1, ? - help)
You enter the shallow water.
Moving in this stuff is going to be slow.
You enter the shallow water.
Moving in this stuff is going to be slow.
You enter the shallow water.
Moving in this stuff is going to be slow.
You open the door.
There is an open door here.
There is a stone staircase leading down here.
You climb downwards.
There is a stone staircase leading up here.
Found an escape hatch in the floor.
An orc priest comes into view. It is wielding a +0 hand axe.
The orc priest shouts!
The orc priest looks braver for a moment.
You hear a shout!
An orc priest is nearby!
An orc priest is nearby!
An orc comes into view. It is wielding a +0 club.
An orc and an orc priest come into view.
The orc priest is wielding a +2 war axe of freezing.
The orc priest calls down the wrath of Beogh upon you.
Beogh smites you!
Ouch! That really hurt!
* * * LOW HITPOINT WARNING * * *
The orc closely misses you.
There is a stone staircase leading up here.
The orc priest begins to cast a cantrip, but forgets the words! x2
The orc hits you with a +0 club.
You die...

#...oo##.....#
#...o## .##.#
#....# .#
##o#.# .#
#.o.# .. #..##
# #...# #.#o#
#.#@# ..#.#
......
.....#.#
...... ..
....... .#.
..... ...
###### .. #


You could see 2 orc priests and an orc.

Vanquished Creatures
  2 adders (D:2)
  A ball python (D:2)
  3 endoplasms
  3 giant cockroaches
  2 hobgoblins
  4 jackals (D:2)
  A quokka (D:1)
  6 bats
  A frilled lizard (D:2)
  6 goblins (D:1)
  A kobold (D:2)
  4 rats
34 creatures vanquished.

Notes
Turn   | Place    | Note
-------+----------+-------------------------------------------
     0 | D:1      | lordive the Gargoyle Earth Elementalist began the quest for
                  | the Orb.
     0 | D:1      | Reached XP level 1. HP: 10/10 MP: 3/3
   400 | D:1      | Reached XP level 2. HP: 6/15 MP: 5/5
   402 | D:1      | Reached skill level 4 in Earth Magic
  1234 | D:1      | Found a faded altar of an unknown god.
  1809 | D:2      | Reached skill level 1 in Conjurations
  1809 | D:2      | Reached XP level 3. HP: 19/19 MP: 3/6
  3061 | D:3      | Slain by an orc

Illustrated notes

Levels and vault maps discovered:
D:1:      dpeg_arrival_subterranean_lakeside_camping, layout_loops_ring,
          dilly_ecumenical_altar_fadedgnrine
D:2:      layout_basic, kennysheep_boxes
D:3:      layout_rooms, serial_shops, nicolae_shop_statue_plus,
          minmay_misc_feat_x, minmay_misc_feat_pillars, uniq_sigmund,
          uniq_crazy_yiuf_cottage, uniq_robin, uniq_terence

Skill      XL: |  1  2  3 |
---------------+----------+-----
Earth Magic    | 4 |  4.3
Conjurations   | 1 |  1.2
Dodging        | 2 |  2.0
Fighting       | |  0.3
Maces & Flails | |  0.5
Stealth        | |  2.1
Spellcasting   | |  2.5
Transmutations | |  0.7

Action                   || total
-------------------------++-------
Melee: Club              ||   130
       Punch             ||     1
 Cast: Sandblast         ||    18
 Abil: Evoke Invisibilit ||     1
 Stab: Sleeping          ||     2
       Distracted        ||     1
Armor: Robe              ||    74
Dodge: Dodged            ||   139
